Map: Cerulean Fall LE

Players

Yocto

  • Race: Zerg Zerg
  • Spawn Location: 7:00

Raggen - Winner!

  • Race: Zerg Zerg
  • League: Silver
  • Spawn Location: 1:00

VOD

Have the link to the VOD?

Description

Time

  • Played on: Dec. 9, 2018, 3:58 a.m.
  • Length: 2:22
Show
View Real Time Build Order
Export as new Build Order

Yocto Zerg 

Build Orders: Hatch First 

Get SALT Encoding   

  12  0:01  Drone  
  13  0:15  Overlord  
  13  0:18  Drone  
  14  0:35  Drone  
  14  0:36  Drone  
  14  0:39  Drone  
  17  0:56  Hatchery  
  16  1:02  Drone  
  17  1:05  Drone  
  17  1:06  Extractor  
  17  1:19  Spawning Pool  
  17  1:20  Drone  
  17  1:24  Drone  
  18  1:31  Drone  
  19  1:43  Overlord  
  19  1:55  Drone  
Show
View Real Time Build Order
Export as new Build Order

Raggen Zerg - Winner!

Build Orders: Pool Only 

Get SALT Encoding   

  12  0:02  Drone  
  13  0:09  Drone  
  13  0:14  Extractor  
  13  0:17  Drone  
  14  0:23  Overlord  
  14  0:43  Spawning Pool  
  14  0:45  Drone  
  14  0:51  Drone  
  14  0:57  Drone  
  16  1:02  Drone  
  17  1:08  Drone  
  18  1:18  Overlord  
  18  1:32  Zergling x2  
  19  1:37  Queen  
  21  1:45  Drone  
  22  1:52  Zergling x2  
  23  2:01  Evolution Chamber  
Tags
 
League
Silver
Matchup
ZvZ
Race
Zerg
Replay Pack
Yocto
Spawn Locations
Cross Positions
Add a new tag
Caveats
  • Supply blocks, unpowered buildings, or Contaminate may cause inaccurate times.
  • Supply counts are checked every 10 seconds.